 Dungeon Crawl Stone Soup version 0.31.0-32-g396128a36d (webtiles) character file.

Game seed: 4882298354761197997

45 Fractals the Chiller (level 3, -4/27 HPs)
             Began as a Human Ice Elementalist on Apr 13, 2024.
             Slain by a goblin
             ... wielding a +2 dagger of electrocution
             ... led by Robin
              (8 damage)
             ... on level 2 of the Dungeon.
             The game lasted 00:05:25 (1865 turns).

Fractals the Chiller (Human Ice Elementalist)       Turns: 1865, Time: 00:05:25

Health: -4/27      AC:  2    Str: 10    XL:     3   Next: 64%
Magic:  6/6        EV: 12    Int: 15    God:
Gold:   110        SH:  0    Dex: 13    Spells: 2/6 levels left

rFire   . . .        d - +0 dagger
rCold   . . .        (no shield)
rNeg    . . .        a - +0 robe
rPois   .            (no helmet)
rElec   .            (no cloak)
rCorr   .            (no gloves)
SInv    .            (no boots)
Will    .....        (no amulet)
Stlth   +            (no ring)
HPRegen 0.24/turn    (no ring)
MPRegen 0.10/turn

%: no passive effects
@: confused, ambrosia-drunk
A: explore regen
a: no special abilities


You were on level 2 of the Dungeon.
You visited 1 branch of the dungeon, and saw 2 of its levels.

You collected 110 gold pieces.

Inventory:

Hand Weapons
 d - a +0 dagger (weapon)
Armour
 a - a +0 robe (worn)
Scrolls
 f - a scroll of identify
 g - 2 scrolls of vulnerability {unknown}
 j - a scroll of revelation {unknown}
 k - a scroll of enchant armour {unknown}
Potions
 b - a potion of magic
 c - a potion of brilliance
 h - 2 potions of curing
 i - a potion of ambrosia
 l - a potion of berserk rage {unknown}


   Skills:
 - Level 2.0 Fighting
 - Level 2.0 Dodging
 - Level 3.0 Stealth
 + Level 2.1 Spellcasting
 + Level 4.1 Ice Magic


You had 2 spell levels left.
You knew the following spells:

 Your Spells              Type           Power      Damage    Failure   Level
a - Freeze                Ice            52%        1d6       4%          1
b - Ozocubu's Armour      Ice            13%        N/A       12%         3

Your spell library contained the following spells:

 Spells                   Type           Power      Damage    Failure   Level
 Ensorcelled Hibernation  Hex/Ice        14%        N/A       14%         2
 Magic Dart               Conj           4%         1d3       22%         1
 Searing Ray              Conj           2%         2d4       32%         2
 Frozen Ramparts          Ice            26%        1d4       12%         3
 Summon Ice Beast         Ice/Summ       7%         N/A       28%         3
 Fugue of the Fallen      Necr           1%         N/A       54%         3
 Volatile Blastmotes      Fire/Tloc      2%         2d10      54%         3
 Anguish                  Hex/Necr       0%         N/A       91%         4
 Fulminant Prism          Conj/Alch      0%         3d5       91%         4
 Iskenderun's Mystic Bla  Conj/Tloc      1%         2d3       91%         4


Dungeon Overview and Level Annotations

Branches:
Dungeon (2/15)

Altars:
Xom

Annotations:
D:2 Robin


Innate Abilities, Weirdness & Mutations

You regain HP and MP as you explore.


Message History

Your magical contamination has completely faded away.
You start resting.
HP restored.
You start resting.
Magic restored.
The hobgoblin hits you with a +0 spear.
You hit the hobgoblin.
The hobgoblin is heavily wounded.
The hobgoblin hits you with a +0 spear!
Aiming: Freeze (safe; 4% risk of failure)
Press: ? - help, Q - select action Shift-Dir - straight line, f - hobgoblin
Aim: a hobgoblin, wielding a +0 spear (heavily wounded)
You freeze the hobgoblin.
You kill the hobgoblin!
Unknown command.
Things that are here:
a +0 spear; a hobgoblin corpse You start resting.
Magic restored.
You start resting.
A goblin comes into view.
It is wielding a +2 dagger of electrocution.
The goblin shouts!
You hear a shout!
The hobgoblin shouts!
The goblin hits you with a +2 dagger of electrocution.
You are electrocuted!!
Ouch! That really hurt!
* * * LOW HITPOINT WARNING * * *
You are too injured to fight recklessly!
You are too injured to fight recklessly!
You are confused.
You feel invigorated.
The goblin shouts!
You hear a shout!
The goblin hits you with a +2 dagger of electrocution.
* * * LOW HITPOINT WARNING * * *
Unknown command.
You bump into the rock wall.
The goblin hits you with a +2 dagger of electrocution.
* * * LOW HITPOINT WARNING * * *
You are electrocuted!
You die...

.............................>...
.##.....######.#.##.......##...##
###.....# #g.....##.......##...#
####### #)##)####†......##...#
#.##.#.)........##...# ####
###.##.#.###...........# ...#
#...##...............#.##
.########.######.##......#####.##
..........# #@................
.########## ###g....#.#######.##
.# #######.g.###...........##
.#### ##...#...#######.##########
....# .........[..####.#.........
###.# .#..........#......########
#)# ###..#.##..#.##.### #.#
#..#.##..#.##.# #.#
#..g#.....#.##.#


You could see 2 goblins.

Vanquished Creatures
  An adder (D:2)
  2 dart slugs (D:1)
  An endoplasm (D:2)
  A giant cockroach (D:1)
  8 goblins
  4 hobgoblins
  A quokka (D:2)
  3 ball pythons (D:1)
  3 frilled lizards (D:1)
  2 kobolds (D:1)
  4 rats
30 creatures vanquished.

Notes
Turn   | Place    | Note
-------+----------+-------------------------------------------
     0 | D:1      | Fractals the Human Ice Elementalist began the quest for the
                  | Orb.
     0 | D:1      | Reached XP level 1. HP: 13/13 MP: 3/3
   328 | D:1      | Reached skill level 1 in Fighting
   328 | D:1      | Reached XP level 2. HP: 17/21 MP: 1/5
  1360 | D:2      | Found a shimmering altar of Xom.
  1398 | D:2      | Reached XP level 3. HP: 22/26 MP: 4/6
  1408 | D:2      | Noticed Robin
  1625 | D:2      | Learned a level 3 spell: Ozocubu's Armour
  1865 | D:2      | Slain by a goblin

Illustrated notes

Levels and vault maps discovered:
D:1:      orjb1_clovarrival, layout_rooms, serial_forest,
          infiniplex_forest_fountain, infiniplex_forest_clump_double,
          infiniplex_forest_lined_3, infiniplex_forest_side_room,
          infiniplex_forest_lined_room_, infiniplex_forest_lined_2,
          infiniplex_forest_zigzag_1, infiniplex_forest_end_2,
          infiniplex_forest_clump_medium
D:2:      layout_basic, basic_altar, uniq_crazy_yiuf_cottage, uniq_robin

Skill      XL: |  1  2  3 |
---------------+----------+-----
Fighting       | 1 2 |  2.0
Stealth        | 3 |  3.0
Dodging        | |  2.0
Spellcasting   | |  2.1
Ice Magic      | |  4.1

Action                     || total
---------------------------++-------
  Melee: Dagger            ||    68
         Unarmed           ||     1
   Cast: Freeze            ||    29
    Use: Scroll            ||     4
         Potion            ||     2
   Stab: Sleeping          ||     2
 Armour: Robe              ||    55
  Dodge: Dodged            ||    56
